 Dungeon Crawl Stone Soup version 0.30-a0-870-gc5d4c5a (webtiles) character file.

Game seed: 14010276419602049490

1568 Dorkslayer the Trooper (level 8, 0/106 HPs)
             Began as a Hill Orc Fighter on Mar 10, 2023.
             Was an Initiate of Gozag.
             Succumbed to a gnoll sergeant's poison
             ... on level 5 of the Dungeon.
             The game lasted 00:15:22 (4646 turns).

Dorkslayer the Trooper (Hill Orc Fighter)           Turns: 4646, Time: 00:15:22

Health: 0/106      AC: 24    Str: 21    XL:     8   Next: 90%
Magic:  8/8        EV:  2    Int:  8    God:    Gozag
Gold:   450        SH:  4    Dex: 10    Spells: 7/7 levels left

rFire   + . .      SeeInvis .    a - +1 war axe (heavy)
rCold   + . .      Faith    .    c - +0 buckler
rNeg    . . .      Spirit   .    t - melded +0 chain mail
rPois   +          Reflect  .    (helmet currently unavailable)
rElec   +          Rampage  .    (cloak currently unavailable)
rCorr   +          NoTele   +    (gloves currently unavailable)
Will    .....                    (boots currently unavailable)
Stlth   +                        b - amulet of the acrobat
HPRegen 0.37/turn                g - +5 ring of evasion
MPRegen 0.11/turn                r - +5 ring of evasion

@: mighty, lethally poisoned (0 -> -14), tree-form, resistant, gold aura
A: stationary, stasis, torment immunity, boosted hp
a: Renounce Religion, Potion Petition, Call Merchant, Bribe Branch


You were on level 5 of the Dungeon.
You worshipped Gozag.
Gozag was aware of your devotion.
You were a tree.
You visited 2 branches of the dungeon, and saw 6 of its levels.
You also visited: Ossuary.

You collected 489 gold pieces.
You paid 39 gold pieces to Gozag.

Inventory:

Hand Weapons
 a - a +1 heavy war axe (weapon)
Missiles
 h - a throwing net
 i - 2 boomerangs (quivered)
Armour
 c - a +0 buckler (worn)
 t - a +0 chain mail (melded)
Jewellery
 b - an amulet of the acrobat (around neck)
 g - a +5 ring of evasion (left branch)
 n - a ring of willpower
 q - a ring of flight
 r - a +5 ring of evasion (right branch)
Wands
 l - a wand of paralysis (2)
Scrolls
 e - 3 scrolls of fear
 f - 7 scrolls of teleportation
 p - a scroll of poison
 v - a scroll of fog
 y - 2 scrolls of magic mapping
 z - a scroll of immolation
Potions
 j - 2 potions of brilliance
 k - 2 potions of mutation
 m - a potion of flight
 w - a potion of invisibility
 x - a potion of berserk rage
 B - 2 potions of magic


   Skills:
 * Level 6.6 Fighting
 * Level 6.5 Axes
 + Level 3.5 Throwing
 * Level 6.1 Armour
 * Level 3.5 Dodging
 + Level 4.6 Shields
 * Level 1.9 Evocations


You had 7 spell levels left.
You didn't know any spells.
Your spell library contained the following spells:

 Spells                   Type           Power      Damage    Failure   Level
 Blink                    Tloc           0%         N/A       63%         2
 Lesser Beckoning         Tloc           0%         N/A       63%         2
 Momentum Strike          Conj/Tloc      0%         3d8       63%         2
 Static Discharge         Conj/Air       0%         2-2/arc   63%         2
 Vhi's Electric Charge    Tloc/Air       0%         N/A       86%         3
 Arcjolt                  Conj/Air       0%         1d10      100%        5
 Lightning Bolt           Conj/Air       0%         1d11      100%        5


Dungeon Overview and Level Annotations

Branches:
Dungeon (5/15)             Temple (1/1) D:4         Ossuary (visited)

Altars:
Ashenzari
Cheibriados
Dithmenos
Fedhas
Gozag
Hepliaklqana
Kikubaaqudgha
Makhleb
Qazlal
Ru
Sif Muna
Uskayaw
Yredelemnul
The Shining One

Shops:
D:3 :

Annotations:
D:5 1 transporter, steven32's ghost, weakling AtDe


Message History

The black bear is lightly wounded.
Throw: 2 boomerangs
Press: ? - help, Q - select action, (/) - cycle Shift-Dir - straight line, f/p - black bear
Aim: a black bear (lightly wounded, 68% to hit)
You throw a boomerang. The boomerang hits the black bear!
The black bear is moderately wounded.
Throw: 2 boomerangs
Press: ? - help, Q - select action, (/) - cycle Shift-Dir - straight line, f/p - black bear
Aim: a black bear (moderately wounded, 68% to hit)
You throw a boomerang.
The boomerang closely misses the black bear.
You slice the black bear!!
You kill the black bear!
You feel yourself slow down. You block the gnoll sergeant's attack.
You see here 5 gold pieces.
The gnoll sergeant blocks your attack. The gnoll sergeant barely misses you.
The gnoll sergeant misses you.
You slash the gnoll sergeant!
The gnoll sergeant is moderately wounded.
The gnoll sergeant hits you but does no damage.
You are poisoned.
You closely miss the gnoll sergeant.
The gnoll sergeant is moderately wounded.
You feel very sick.
The gnoll sergeant hits you with a +2 spear of venom!
* * * LOW HITPOINT WARNING * * *
You are lethally poisoned!
The gnoll sergeant hits you with a +2 spear of venom!
* * * LOW HITPOINT WARNING * * *
It was a potion of lignification.
You turn into a tree.
Your +0 chain mail melds into your body.
Your roots penetrate the ground.
* * * LOW HITPOINT WARNING * * *
You feel very sick.
The gnoll sergeant hits you with a +2 spear of venom.
* * * LOW HITPOINT WARNING * * *
You feel protected.
You die...
Your body crumbles into a pile of gold.

#.#..#...#$.#8.
#)#.##...#..##.
#.#......#.....
#.#####..#.Z...
####.####...######
#.T....##....)..o.
#.##.#.##..[......
#g##.#.#..........
#♣##.#....########
#.##....h.##......
#<#######..?...#,,
### ##$#..#.#,
#.#,#...*
#$#,,,...
#gl,,,*,.
##.l,*,*, *..#,,,*


You could see a troll and a gnoll sergeant.

Vanquished Creatures
  A hornet (D:5)
  A wraith (Ossuary)
  A sky beast (D:5)
  An ice beast (D:5)
  A black bear (D:5)
  2 ogres
  A centaur (D:5)
  A scorpion (D:4)
  3 gnoll boudas (D:5)
  An orc priest (D:5)
  2 hounds
  4 iguanas
  An orc wizard (D:4)
  A sleepcap (D:5)
  3 mummies (Ossuary)
  13 gnolls
  6 adders
  A white imp (D:5)
  An ufetubus (D:5)
  3 worms
  2 dart slugs
  8 orcs
  9 bats
  An endoplasm (D:3)
  8 goblins
  5 hobgoblins
  7 kobolds
  2 quokkas
  4 ball pythons
  3 frilled lizards
  5 goblin zombies (Ossuary)
  4 hobgoblin zombies (Ossuary)
  A kobold zombie (Ossuary)
  2 rats
109 creatures vanquished.

Notes
Turn   | Place    | Note
-------+----------+-------------------------------------------
     0 | D:1      | Dorkslayer the Hill Orc Fighter began the quest for the
                  | Orb.
     0 | D:1      | Reached XP level 1. HP: 19/19 MP: 1/1
   173 | D:1      | Reached XP level 2. HP: 23/27 MP: 2/2
   590 | D:2      | You fall into a shaft and drop 1 floor!
   632 | D:3      | Reached XP level 3. HP: 23/33 MP: 3/3
  1115 | D:3      | Found Keasigos's Book Boutique.
  1361 | D:2      | Reached skill level 1 in Throwing
  1361 | D:2      | Reached XP level 4. HP: 40/40 MP: 4/4
  1370 | D:2      | Reached skill level 1 in Dodging
  2076 | D:3      | Found an ancient bone altar of Kikubaaqudgha.
  2101 | D:3      | Reached XP level 5. HP: 47/47 MP: 5/5
  2550 | D:4      | Reached XP level 6. HP: 45/53 MP: 6/6
  2554 | D:4      | Found a staircase to the Ecumenical Temple.
  2566 | Temple   | Entered the Ecumenical Temple
  2591 | D:4      | Found a sand-covered staircase.
  2597 | Ossuary  | Entered an ossuary
  2597 | Ossuary  | Noticed a wraith
  2597 | Ossuary  | Noticed a wraith
  2597 | Ossuary  | Noticed a wraith
  2831 | Ossuary  | Noticed a wraith
  2844 | Ossuary  | Killed a wraith
  2845 | Ossuary  | Reached skill level 5 in Fighting
  2845 | Ossuary  | Reached XP level 7. HP: 31/61 MP: 7/7
  3196 | Temple   | Became a worshipper of Gozag Ym Sagoz the Greedy
  3858 | D:4      | Found a shimmering blue altar of Sif Muna.
  4012 | D:5      | Entered Level 5 of the Dungeon
  4018 | D:5      | Reached skill level 5 in Axes
  4063 | D:5      | Reached skill level 5 in Armour
  4108 | D:5      | Found a stormy altar of Qazlal.
  4333 | D:5      | Reached XP level 8. HP: 69/70 MP: 8/8
  4365 | D:5      | Found a transporter.
  4374 | D:5      | Noticed steven32's ghost (weakling AtDe)
  4438 | D:5      | Reached skill level 1 in Evocations
  4596 | D:5      | Noticed a hornet
  4603 | D:5      | Paralysed by a hornet for 1 turns
  4609 | D:5      | Paralysed by a hornet for 2 turns
  4614 | D:5      | Noticed a troll
  4616 | D:5      | Killed a hornet
  4645 | D:5      | HP: 3/106 [gnoll sergeant/+2 spear of venom (5)]
  4646 | D:5      | Succumbed to a gnoll sergeant's poison

Illustrated notes

Levels and vault maps discovered:
D:1:      dpeg_arrival_tiny_i, layout_rooms,
          hangedman_abyss_or_decor_lesser_grid, st_stairs_3
D:2:      layout_basic, minmay_misc_feat_pillars
D:3:      layout_loops_corners, lemuel_coloured_pillars_altar, serial_shops,
          shop_fountains
D:4:      layout_basic, lemuel_blue_sif_altar, minmay_temple_entry_ruins,
          nicolae_ossuary_entry_monument, minmay_fractal_squares_5
D:5:      cheibrodos_fzero, layout_basic, nicolae_overflow_crystal_walls,
          gammafunk_ghost_mausoleum
Temple:   jpeg_temple_clearing

Skill      XL: |  1  2  3  4  5  6  7  8 |
---------------+-------------------------+-----
Axes           | 3 4 5 6 |  6.5
Fighting       | 4 5 6 |  6.6
Throwing       | 1 2 3 |  3.5
Armour         | 4 5 6 |  6.1
Dodging        | 1 2 3 |  3.5
Shields        | 4 |  4.6
Evocations     | 1 |  1.9

Action                     |  1- 3 |  4- 6 |  7- 9 || total
---------------------------+-------+-------+-------++-------
  Melee: War axe           |   129 |   112 |   111 ||   352
  Throw: Boomerang         |       |       |     3 ||     3
  Evoke: Wand              |       |       |     3 ||     3
    Use: Scroll            |     5 |     4 |    11 ||    20
         Potion            |     1 |     2 |     8 ||    11
   Stab: Paralysed         |       |       |     1 ||     1
 Armour: Scale mail        |    59 |     2 |       ||    61
         Chain mail        |       |    24 |    24 ||    48
  Dodge: Dodged            |   124 |    99 |   115 ||   338
  Block: Buckler           |    36 |    29 |    39 ||   104

Table legend: (Time is in decaauts)
 A = Elapsed time spent in this place.
 B = Non-inter-level travel time spent in this place.
 C = Inter-level travel time spent in this place.
 D = Time resting spent in this place.
 E = Time spent auto-exploring this place.
 F = Levels seen in this place.
 G = Mean time per level.
                   A        B        C        D        E       F      G
               +--------+--------+--------+--------+--------+-----+--------+
         Total |   4806 |   4806 |      0 |     13 |   2342 |   7 |  686.6 |
       Dungeon |   4190 |   4190 |      0 |      1 |   2154 |   5 |  838.0 |
        Temple |    104 |    104 |      0 |      0 |     23 |   1 |  104.0 |
       Ossuary |    512 |    512 |      0 |     12 |    165 |   1 |  512.0 |
               +--------+--------+--------+--------+--------+-----+--------+

Top non-repeatable levels by time:
     D:4: 1102 daAuts
     D:2: 965 daAuts
     D:3: 906 daAuts
     D:5: 685 daAuts
     D:1: 531 daAuts
 Ossuary: 512 daAuts
  Temple: 104 daAuts
